 Dungeon Crawl Stone Soup version 0.23.2-33-g5129a83184 (webtiles) character file.

Game seed: 2444587153815636092

19 Kold the Insei (level 2, -2/18 HPs)
             Began as an Octopode Transmuter on July 23, 2019.
             Slain by a gnoll
             ... wielding a +0 halberd
              (10 damage)
             ... on level 1 of the Dungeon.
             The game lasted 00:00:53 (390 turns).

Kold the Insei (Octopode Transmuter)                 Turns: 390, Time: 00:00:53

Health: -2/18      AC:  1    Str:  9    XL:     2   Next: 75%
Magic:  5/5        EV: 13    Int: 15    God:
Gold:   37         SH:  0    Dex: 12    Spells: 4/5 levels left

rFire    . . .     SeeInvis .     - Unarmed
rCold    . . .     Gourm    .   (no shield)
rNeg     . . .     Faith    .   (helmet restricted)
rPois    .         Spirit   .   (no amulet)
rElec    .         Reflect  .   (no ring)
rCorr    .         Harm     .   (no ring)
MR       .....                  (no ring)
Stlth    +++.......             (no ring)
HPRegen  0.06/turn              (no ring)
MPRegen  0.09/turn              (no ring)
                                (no ring)
                                (no ring)

@: no status effects
A: almost no armour, stealthy swim, amphibious, 8 rings, constrict 8, camouflage
1, gelatinous body 1
a: no special abilities


You were on level 1 of the Dungeon.
You were not hungry.

You visited 1 branch of the dungeon, and saw 1 of its levels.

You collected 37 gold pieces.

Inventory:

Missiles
 a - 12 arrows
Scrolls
 g - a scroll of noise {unknown}
 j - a scroll of identify {unknown}
Potions
 b - a potion of haste {unknown}
 d - a potion of ambrosia {unknown}
 e - a potion of might {unknown}
 h - a potion of berserk rage {unknown}
 i - a potion of curing {unknown}
Comestibles
 c - 2 rations
 f - 7 chunks of flesh


   Skills:
 - Level 1.0 Fighting
 + Level 2.3 Dodging
 + Level 1.4 Stealth
 + Level 3.2 Unarmed Combat
 - Level 2.0 Spellcasting
 + Level 2.3 Transmutations


You had 4 spell levels left.
You knew the following spells:

 Your Spells              Type           Power        Failure   Level  Hunger
a - Beastly Appendage     Tmut           #.....       9%          1    #......

Your spell library contained the following spells:

 Spells                   Type           Power        Failure   Level  Hunger
 Sticks to Snakes         Tmut           #.......     13%         2    ###....
 Spider Form              Tmut/Pois      #.........   38%         3    ###....
 Ice Form                 Ice/Tmut       #.......     80%         4    #####..
 Blade Hands              Tmut           #.........   93%         5    ######.


Dungeon Overview and Level Annotations

Branches:
Dungeon (1/15)

Altars:


Innate Abilities, Weirdness & Mutations

You cannot wear most types of armour.
You are very stealthy in the water. (Stealth+)
You are amphibious.
You can wear up to eight rings at the same time.
You can use your tentacles to constrict eight enemies at once.
Your skin changes colour to match your surroundings (Stealth+).
Your rubbery body absorbs attacks. (AC +1, EV +1)


Message History

You constrict the kobold.
The kobold hits you with a +0 short sword.
You tentacle-slap the kobold but do no damage.
The kobold is severely wounded.
You constrict the kobold.
You kill the kobold!
You tentacle-slap the rat.
You kill the rat!
The gnoll barely misses you.
You tentacle-slap the rat but do no damage.
You grab the rat. You constrict the rat. The rat misses you.
You tentacle-slap the rat.
You kill the rat!
The gnoll barely misses you.
You tentacle-slap the frilled lizard. Your grab misses the frilled lizard.
The frilled lizard is heavily wounded.
The frilled lizard barely misses you.
The gnoll hits you from afar with a +0 halberd!
Ouch! That really hurt!
You die...

..).........#.#
#.#....l...# #.).#.##.###
##..#.# #..#.# ##
#######..#.# .#
.......g.#.. .#
#..########l### .# #..#
#@# .#
##..########.######. .##
#................... ..#
#...######.....####.
..###...#####...(...###.#
..#.....##..÷...........#
..#.#†....)##.......#####
^>#.#.#.######.....##
.#......#######...##


You could see a gnoll and a frilled lizard.

Vanquished Creatures
  2 giant cockroaches (D:1)
  4 goblins (D:1)
  A hobgoblin (D:1)
  3 kobolds (D:1)
  2 bats (D:1)
  7 rats (D:1)
19 creatures vanquished.

Notes
Turn   | Place    | Note
-------+----------+-------------------------------------------
     0 | D:1      | Kold the Octopode Transmuter began the quest for the Orb.
     0 | D:1      | Reached XP level 1. HP: 13/13 MP: 3/3
   173 | D:1      | Reached skill level 1 in Stealth
   173 | D:1      | Reached XP level 2. HP: 16/18 MP: 3/5
   390 | D:1      | Slain by a gnoll

Skill      XL: |  1 |
---------------+----+-----
Stealth        | 1 |  1.4
Fighting       | |  1.0
Dodging        | |  2.3
Unarmed Combat | |  3.2
Spellcasting   | |  2.0
Transmutations | |  2.3

Action                   || total
-------------------------++-------
Melee: Unarmed           ||    43
       Constrict         ||    13
       Kick              ||     4
       Tentacles         ||     5
 Cast: Beastly Appendage ||     7
 Stab: Sleeping          ||     5
Armor: Skin              ||     7
Dodge: Dodged            ||    41
